 Dungeon Crawl Stone Soup version 0.22.1-2-g9c5b331 (webtiles) character file.

65962 toffzen the Nimble (level 15, -10/98 (99) HPs)
             Began as a Kobold Berserker on Dec 7, 2018.
             Was a High Priest of Trog.
             Mangled by a freezing wraith (20 damage)
             ... led by a death knight
             ... on level 15 of the Dungeon.
             The game lasted 01:16:43 (30135 turns).

toffzen the Nimble (Kobold Berserker)              Turns: 30135, Time: 01:16:44

HP:   -10/98 (99)   AC: 15    Str: 20    XL:     15   Next: 60%
MP:   22/27         EV: 26    Int:  8    God:    Trog [*****.]
Gold: 1134          SH:  7    Dex: 19    Spells: 14/14 levels left

rFire    + + .     SeeInvis .   a - +5 scimitar "Grim" {elec, rN++ MR- MP+9}
rCold    . . .     Gourm    .   V - +0 buckler
rNeg     + + .     Faith    .   z - +1 chain mail {rF+}
rPois    .         Spirit   .   (no helmet)
rElec    .         Reflect  .   P - scarf {repulsion}
rCorr    .         Harm     .   o - +0 pair of fencer's gloves {+Riposte Dex+3}
MR       .....                  l - +0 pair of boots
Stlth    ..........             (no amulet)
HPRegen  0.26/turn              Y - +6 ring of evasion
MPRegen  0.20/turn              S - ring of protection from fire

@: berserk cooldown, slowed, repel missiles, very slow
A: small, carnivore
a: Berserk, Trog's Hand, Brothers in Arms, Renounce Religion


You were on level 15 of the Dungeon.
You worshipped Trog.
Trog was extremely pleased with you.
You were very full.

You visited 2 branches of the dungeon, and saw 21 of its levels.
You also visited: Ossuary.

You collected 1674 gold pieces.
You spent 540 gold pieces at shops.

Inventory:

Hand Weapons
 a - the +5 scimitar "Grim" (weapon) {elec, rN++ MR- MP+9}
   (You found it on level 6 of the Lair of Beasts)

   Occasionally, upon striking a foe, it will discharge some electrical energy
   and cause terrible harm.
   It greatly protects you from negative energy.
   It affects your resistance to hostile enchantments.
   It affects your magic capacity (+9).
 b - a +0 hand crossbow
 B - the +6 trident "Watedis" {freeze, Str+2 SInv}
   (You found it on level 7 of the Dungeon)

   It has been specially enchanted to freeze those struck by it, causing extra
   injury to most foes and up to half again as much damage against particularly
   susceptible opponents.
   It can also slow down cold-blooded creatures.
   It affects your strength (+2).
   It lets you see invisible.
 E - a +2 antimagic dagger
 X - a +4 scimitar of flaming
Missiles
 e - 304 bolts
 j - 498 stones (quivered)
Armour
 l - a +0 pair of boots (worn)
 o - the +0 pair of fencer's gloves (worn) {+Riposte Dex+3}
   (You acquired it on level 14 of the Dungeon)

   It affects your dexterity (+3).
 z - a +1 chain mail of fire resistance (worn)
 P - a scarf of repulsion (worn)
 V - a +0 buckler (worn)
Jewellery
 H - an uncursed ring of ice
 I - an uncursed ring of resist corrosion
 S - a ring of protection from fire (right hand)
 Y - a +6 ring of evasion (left hand)
Wands
 v - a wand of enslavement (14)
 w - a wand of iceblast (49)
 y - a wand of paralysis (38)
 F - a wand of scattershot (12)
 M - a wand of flame (25)
 N - a wand of disintegration (8)
 T - a wand of acid (13)
 Z - a wand of clouds (6)
Scrolls
 d - a scroll of summoning
 f - 4 scrolls of magic mapping
 i - 9 scrolls of teleportation
 m - 9 scrolls of remove curse
 p - a scroll of blinking {unknown}
 q - a scroll of fog
 r - 5 scrolls of enchant weapon
 u - 2 scrolls of enchant armour
 x - a scroll of silence {unknown}
 L - a scroll of torment {unknown}
 Q - a scroll of fear
 R - 2 scrolls of immolation
 U - a scroll of random uselessness {unknown}
Potions
 g - 4 potions of agility
 h - 2 potions of ambrosia
 k - 6 potions of brilliance
 n - 9 potions of haste
 s - 4 potions of might
 t - 5 potions of heal wounds
 A - 15 potions of curing
 C - 4 potions of flight
 D - a potion of resistance
 G - a potion of lignification
 J - a potion of berserk rage
 K - 3 potions of magic
 W - 2 potions of invisibility
Miscellaneous
 O - 2 phantom mirrors
Comestibles
 c - 57 rations


   Skills:
 * Level 13.5 Fighting
 - Level 11.0(13.3) Short Blades
 + Level 8.4(9.6) Long Blades
 - Level 10.0 Crossbows
 + Level 10.0 Armour
 + Level 13.6 Dodging
 - Level 5.6 Shields
 - Level 5.0 Evocations


You had 14 spell levels left.
You didn't know any spells.
Your spell library contained the following spells:

 Spells                   Type           Power        Failure   Level  Hunger
 Corona                   Hex            #......      97%         1    ##.....
 Ensorcelled Hibernation  Hex/Ice        #.....       99%         2    ###....
 Confuse                  Hex            #.......     100%        3    ####...
 Dazzling Spray           Conj/Hex       #.....       100%        3    ####...
 Tukima's Dance           Hex            #.......     100%        3    ####...


Dungeon Overview and Level Annotations

Branches:
Dungeon (15/15)            Temple (0/1) D:6            Lair (6/6) D:11
 Shoals (0/4) Lair:2       Spider (0/4) Lair:4        Slime (0/5) Lair:6
    Orc (0/2) D:12         Vaults (0/5) D:14
 Depths: D:15

Altars:
Dithmenos
Elyvilon
Fedhas
Gozag
Hepliaklqana
Nemelex Xobeh
Okawaru
Qazlal
Sif Muna
Vehumet
Lugonu

Shops:
D:5 }   D:9 !   D:12 *

Annotations:
D:5 exclusion: door
D:13 1 transporter
Lair:5 exclusion: oklob plant
Lair:6 2 exclusions


Innate Abilities, Weirdness & Mutations

You are small and have problems with some larger weapons.
You are carnivorous and can eat meat at any time.


Message History

You feel as though you will be slow longer.
The freezing wraith misses you.
You riposte.
You closely miss the freezing wraith.
The freezing wraith is heavily damaged.
The freezing wraith completely misses you.
Unknown command.
Unknown command.
Unknown command.
As you read the scroll of fear, it crumbles to dust.
You assume a fearsome visage.
The freezing wraith is unaffected.
The two-headed ogre looks frightened! x2; The ogre looks frightened!
The two-headed ogre resists with some effort.
The freezing wraith hits you.
* * * LOW HITPOINT WARNING * * *
The freezing wraith freezes you!
* * * LOW HITPOINT WARNING * * *
You block the freezing wraith's attack. The freezing wraith hits you.
* * * LOW HITPOINT WARNING * * *
The freezing wraith freezes you!!
You die...

####.....#...
....................#...
.....[.....)........#...
....................#...
(...................#...
....................#...
.....O(O............#.##
......(......(.......##
......W@[...........##
....<.O########.....#
....((. #.....## ...O...
#...)..## .......
#.....#.## .......
#.....#... .......
#.....#... .......
#.....#... #.....#...


You could see 3 two-headed ogres, a freezing wraith and an ogre (fleeing).

Vanquished Creatures
  Kirke (D:13)
  Louise (D:14)
  Josephine (D:14)
  Snorg (D:13)
  2 hydras
  Erolcha (D:10)
  A catoblepas (Lair:6)
  3 centaur warriors
  3 death knights
  An ogre mage (D:14)
  Erica (D:8)
  5 two-headed ogres
  A deep troll shaman (Lair:6)
  6 death yaks (Lair:6)
  Urug (D:13)
  5 skeletal warriors
  2 unseen horrors
  A lindwurm (Lair:6)
  Pikel (D:7)
  A necromancer (Lair:5)
  2 deep elf magi (D:15)
  2 manticores
  3 ugly things
  8 elephants (Lair:6)
  Maurice (D:8)
  3 black mambas (Lair:2)
  2 gargoyles
  4 centaur skeletons
  Joseph (D:7)
  A rime drake (Lair:3)
  6 spiny frogs
  3 yaktaurs (D:15)
  A freezing wraith (D:15)
  4 komodo dragons
  A kobold demonologist (D:13)
  3 trolls
  A polar bear (Lair:2)
  Prince Ribbit (D:7)
  3 hornets
  Grinder (D:4)
  9 hippogriffs
  A hippogriff (shapeshifter) (D:14)
  9 slime creatures
  4 dream sheep (Lair:5)
  6 blink frogs (Lair:5)
  A spriggan (Lair:1)
  10 wraiths
  29 yaks
  A vampire (D:13)
  6 basilisks
  A wyvern (D:10)
  2 shadows
  2 hungry ghosts
  A human (D:10)
  2 hogs (D:10)
  Menkaure (D:6)
  2 steam dragons
  A soldier ant (D:13)
  2 vampire mosquitoes (D:13)
  12 water moccasins
  19 porcupines
  5 sky beasts
  4 orc warriors
  3 slaves
  An eye of draining (D:12)
  5 phantoms
  2 ice beasts
  5 black bears
  2 ogres
  3 boggarts (D:15)
  29 wolves
  13 centaurs
  A necrophage (D:10)
  11 crocodiles
  2 big kobolds
  13 bullfrogs
  A wyvern skeleton (D:6)
  7 scorpions
  2 troll zombies (D:12)
  10 killer bees
  4 wights (D:15)
  4 howler monkeys
  A bullfrog zombie (D:11)
  2 crimson imps
  A quasit (D:10)
  4 jellies
  3 orc priests
  4 hounds
  3 orc wizards
  3 bullfrog skeletons
  Crazy Yiuf (D:7)
  4 iguanas
  3 hell rats (Lair:2)
  8 worker ants
  3 polar bear simulacra (Lair:5)
  3 wolf simulacra (Lair:5)
  A yak simulacrum (Lair:5)
  4 ogre zombies (D:12)
  2 hound skeletons
  A mummy (Ossuary)
  7 gnolls
  5 river rats (Lair:2)
  15 adders
  3 howler monkey skeletons
  4 shadow imps
  An ooze (D:1)
  2 adder zombies
  2 worms (D:2)
  4 dart slugs
  2 leopard geckos
  18 orcs
  2 ball pythons (D:4)
  7 giant cockroaches
  14 goblins
  6 hobgoblins
  3 jackals (D:3)
  12 kobolds
  5 quokkas
  11 bats
  3 frilled lizards
  4 gnoll skeletons (Ossuary)
  A goblin skeleton (D:15)
  A hobgoblin skeleton (D:12)
  A hobgoblin zombie (D:12)
  A jackal zombie (D:7)
  6 kobold skeletons (Ossuary)
  18 orc skeletons
  10 orc zombies (D:12)
  11 rats
  4 river rat simulacra (Lair:5)
  2 plants
574 creatures vanquished.

Vanquished Creatures (others)
  7 humans
  A boggart (D:15)
  A bush (D:11)
  7 fungi
  25 plants
41 creatures vanquished.

Grand Total: 615 creatures vanquished

Notes
Turn   | Place    | Note
-------+----------+-------------------------------------------
     0 | D:1      | toffzen the Kobold Berserker began the quest for the Orb.
     0 | D:1      | Reached XP level 1. HP: 14/14 MP: 1/1
   192 | D:1      | Reached XP level 2. HP: 13/19 MP: 2/2
   441 | D:1      | Reached XP level 3. HP: 21/23 MP: 3/3
  1416 | D:2      | Reached skill level 5 in Short Blades
  1498 | D:2      | Reached XP level 4. HP: 29/29 MP: 4/4
  2113 | D:2      | Found a stormy altar of Qazlal.
  2750 | D:3      | Found a white marble altar of Elyvilon.
  2822 | D:3      | Reached XP level 5. HP: 33/33 MP: 5/5
  2823 | D:3      | Reached ** piety under Trog
  3943 | D:3      | Found a shadowy altar of Dithmenos.
  4067 | D:4      | Reached XP level 6. HP: 38/38 MP: 6/6
  4312 | D:4      | Noticed Grinder
  4317 | D:4      | Killed Grinder
  4317 | D:4      | Reached XP level 7. HP: 44/44 MP: 7/7
  4403 | D:4      | Found an opulent altar of Gozag.
  4487 | D:4      | Found a hazy altar of Hepliaklqana.
  5148 | D:5      | Entered Level 5 of the Dungeon
  5148 | D:5      | Found Lusepum's Gadget Shoppe.
  5232 | D:5      | Found an opulent altar of Gozag.
  5439 | D:5      | Reached skill level 5 in Fighting
  5482 | D:5      | Reached skill level 1 in Evocations
  5566 | D:5      | Found a blossoming altar of Fedhas.
  5598 | D:5      | Reached XP level 8. HP: 38/49 MP: 7/9
  5766 | D:5      | Found a sparkling altar of Nemelex Xobeh.
  6107 | D:5      | Found a deep blue altar of Sif Muna.
  6431 | D:6      | Reached skill level 5 in Dodging
  6507 | D:6      | Found a sand-covered staircase.
  6516 | Ossuary  | Entered an ossuary
  6516 | Ossuary  | Noticed a wraith
  6516 | Ossuary  | Noticed a wraith
  6516 | Ossuary  | Noticed a wraith
  6536 | Ossuary  | Reached *** piety under Trog
  6798 | Ossuary  | Noticed a wraith
  6809 | Ossuary  | Killed a wraith
  6930 | D:6      | Noticed Menkaure
  6956 | D:6      | Killed Menkaure
  7236 | D:6      | Found a staircase to the Ecumenical Temple.
  7686 | D:6      | Reached XP level 9. HP: 55/55 MP: 11/11
  8157 | D:7      | Noticed a hippogriff
  8325 | D:7      | Got a twisted trident
  8475 | D:7      | Killed a hippogriff
  8475 | D:7      | Reached skill level 10 in Short Blades
  8519 | D:7      | Found an iron altar of Okawaru.
  8571 | D:7      | Noticed Pikel
  8813 | D:7      | Killed Pikel
  8938 | D:7      | Noticed Joseph
  9007 | D:7      | Killed Joseph
  9007 | D:7      | Reached skill level 5 in Evocations
  9007 | D:7      | Reached XP level 10. HP: 61/61 MP: 13/13
  9048 | D:7      | Identified the +6 trident "Watedis" {freeze, Str+2 SInv}
                  | (You found it on level 7 of the Dungeon)
  9499 | D:7      | Noticed Prince Ribbit
  9533 | D:7      | Killed Prince Ribbit
  9533 | D:7      | Reached skill level 5 in Armour
  9684 | D:7      | Found a runed door.
  9688 | D:7      | Noticed Crazy Yiuf
  9696 | D:7      | Killed Crazy Yiuf
  9779 | D:8      | Noticed Erica
 10094 | D:8      | Found a radiant altar of Vehumet.
 10143 | D:8      | Paralysed by a hornet for 2 turns
 10325 | D:8      | Noticed Maurice
 10334 | D:8      | Killed Maurice
 10357 | D:8      | Killed Erica
 10822 | D:8      | Reached **** piety under Trog
 10822 | D:8      | Reached skill level 1 in Long Blades
 11494 | D:9      | Found Onanufum's Distillery.
 11531 | D:9      | Bought 2 potions of curing for 72 gold pieces
 11531 | D:9      | Bought a potion of haste for 120 gold pieces
 11531 | D:9      | Bought a potion of curing for 36 gold pieces
 11531 | D:9      | Bought a potion of haste for 120 gold pieces
 11531 | D:9      | Bought a potion of might for 48 gold pieces
 11531 | D:9      | Bought a potion of might for 48 gold pieces
 11531 | D:9      | Bought a potion of cancellation for 96 gold pieces
 11634 | D:9      | Reached XP level 11. HP: 71/71 MP: 14/14
 11918 | D:10     | Entered Level 10 of the Dungeon
 12693 | D:10     | Noticed Erolcha
 12700 | D:10     | Killed Erolcha
 13333 | D:11     | Noticed a cyan ugly thing
 13351 | D:10     | Killed a cyan ugly thing
 13668 | D:11     | Killed an unseen horror
 13830 | D:11     | Noticed a two-headed ogre
 13840 | D:11     | Killed a two-headed ogre
 13840 | D:11     | Reached skill level 10 in Fighting
 14054 | D:11     | Reached XP level 12. HP: 71/76 MP: 15/15
 14190 | D:11     | Reached skill level 10 in Dodging
 14268 | D:11     | Reached skill level 5 in Crossbows
 14321 | D:11     | Found a staircase to the Lair.
 14385 | D:11     | Noticed a two-headed ogre
 14396 | D:11     | Killed a two-headed ogre
 14461 | D:11     | Reached ***** piety under Trog
 14470 | D:11     | Reached skill level 5 in Long Blades
 14833 | Lair:1   | Entered Level 1 of the Lair of Beasts
 14857 | D:11     | Received a gift from Trog
 15023 | Lair:1   | Noticed an eight-headed hydra
 15033 | Lair:1   | Killed a five-headed hydra
 15826 | Lair:1   | Received a gift from Trog
 16455 | Lair:2   | Reached skill level 1 in Shields
 16489 | Lair:2   | Reached XP level 13. HP: 53/83 MP: 16/16
 17503 | Lair:2   | Found a staircase to the Shoals.
 18759 | Lair:4   | Found a hole to the Spider Nest.
 20789 | Lair:5   | Received a gift from Trog
 21488 | Lair:6   | Entered Level 6 of the Lair of Beasts
 21618 | Lair:6   | Received a gift from Trog
 22068 | Lair:6   | Reached XP level 14. HP: 72/90 MP: 17/17
 22242 | Lair:6   | Got a steaming scimitar
 22412 | Lair:6   | Identified the +5 scimitar "Grim" {elec, rN++ MR- MP+9}
                  | (You found it on level 6 of the Lair of Beasts)
 22439 | Lair:6   | Found a staircase to the Slime Pits.
 22707 | Lair:6   | Received a gift from Trog
 23998 | D:12     | Found a staircase to the Orcish Mines.
 24326 | D:12     | Found Sogooph's Serpentskin Sales.
 25118 | D:12     | Received a gift from Trog
 25163 | D:13     | Noticed Urug
 25495 | D:13     | Noticed Kirke
 25512 | D:13     | Killed Kirke
 25733 | D:13     | Noticed Snorg
 25744 | D:13     | Killed Snorg
 26319 | D:13     | Killed Urug
 26319 | D:13     | Reached skill level 5 in Shields
 26442 | D:13     | Found a transporter.
 26445 | D:13     | Found a corrupted altar of Lugonu.
 26935 | D:14     | HP: 2/136 [mirror damage (14)]
 27311 | D:14     | Reached skill level 10 in Crossbows
 27364 | D:13     | Reached XP level 15. HP: 96/96 MP: 18/18
 27780 | D:14     | Received a gift from Trog
 27914 | D:14     | Noticed Louise
 27940 | D:14     | Killed Louise
 28066 | D:14     | Found a gate to the Vaults.
 28707 | D:14     | Identified a scroll of acquirement
 28709 | D:14     | Found the +0 pair of fencer's gloves {+Riposte Dex+3}
 28746 | D:14     | Noticed Josephine
 28756 | D:14     | Killed Josephine
 29004 | D:15     | Entered Level 15 of the Dungeon
 29877 | D:15     | Reached skill level 10 in Armour
 30135 | D:15     | Mangled by a freezing wraith

Skill      XL: |  1  2  3  4  5  6  7  8  9 10 11 12 13 14 15 |
---------------+----------------------------------------------+-----
Armour         | 2 3 4 5 7 8 9 10 | 10.0
Dodging        | 3 4 5 6 8 9 11 12 13 | 13.6
Short Blades   | 5 6 7 9 10 11 | 11.0
Fighting       | 4 5 6 9 10 11 12 13 | 13.5
Evocations     | 1 3 5 |  5.0
Long Blades    | 2 4 5 6 7 8 |  8.4
Crossbows      | 4 6 8 10 | 10.0
Shields        | 1 3 5 |  5.6

Action                   |  1- 3 |  4- 6 |  7- 9 | 10-12 | 13-15 || total
-------------------------+-------+-------+-------+-------+-------++-------
Melee: Short sword       |    50 |       |       |       |       ||    50
       Dagger            |    71 |   211 |   556 |   192 |       ||  1030
       Scimitar          |       |       |       |   437 |   838 ||  1275
 Fire: Hand crossbow     |       |       |       |    10 |   357 ||   367
Throw: Stone             |       |     4 |     5 |     5 |       ||    14
Invok: Berserk           |     2 |     9 |    16 |    24 |    23 ||    74
       Trog's Hand       |       |       |     2 |     6 |    10 ||    18
Evoke: Wand              |       |       |     2 |    23 |    11 ||    36
  Use: Scroll            |       |     4 |     7 |     8 |    14 ||    33
       Potion            |       |       |     1 |     2 |       ||     3
 Stab: Paralysed         |       |       |       |     5 |       ||     5
       Petrified         |       |       |       |       |     2 ||     2
  Eat: Chunk             |    12 |    14 |    33 |    51 |    72 ||   182
Armor: Animal skin       |    28 |       |       |       |       ||    28
       Ring mail         |     5 |    48 |     1 |       |       ||    54
       Chain mail        |       |       |    97 |   237 |   194 ||   528
       Skin              |       |       |    42 |       |       ||    42
Dodge: Dodged            |    79 |   121 |   161 |   443 |   687 ||  1491
       Deflected         |       |       |       |       |    13 ||    13
Block: Buckler           |       |       |       |    14 |   212 ||   226
       Rpst.: Scimitar   |       |       |       |    94 |   174 ||   268
       Hand crossbow     |       |       |       |       |     1 ||     1
